 Dungeon Crawl Stone Soup version 0.30-a0-605-gb2882149bf (webtiles) character file.

Game seed: 6629052308559799935

1711 rogsnak the Conjurer (level 8, -4/48 (56) HPs)
             Began as a Demonspawn Air Elementalist on Jan 8, 2023.
             Was an Initiate of Sif Muna.
             Slain by Edmund
             ... wielding a +2 flail of draining
              (11 damage)
             ... on level 6 of the Dungeon.
             The game lasted 00:13:54 (6977 turns).

rogsnak the Conjurer (Demonspawn Air Elementalist)  Turns: 6977, Time: 00:13:55

HP:   -4/48 (56)    AC:  3    Str:  8    XL:     8   Next: 74%
MP:   2/16          EV: 13    Int: 19    God:    Sif Muna [......]
Gold: 387           SH:  0    Dex: 14    Spells: 10/18 levels left

rFire   . . .      SeeInvis .    N - +2 spear (flame)
rCold   . . .      Faith    .    (no shield)
rNeg    . . .      Spirit   .    a - +0 robe
rPois   .          Reflect  .    (no helmet)
rElec   .          Harm     .    (no cloak)
rCorr   +          Rampage  .    i - +0 pair of gloves
Will    +....                    (no boots)
Stlth   ++                       (no amulet)
HPRegen 0.28/turn                v - ring of resist corrosion
MPRegen 0.15/turn                A - ring of willpower

@: very slightly contaminated, heavily drained
A: weakness stinger 2
a: Renounce Religion


You were on level 6 of the Dungeon.
You worshipped Sif Muna.
Sif Muna was noncommittal.
You visited 1 branch of the dungeon, and saw 6 of its levels.

You collected 387 gold pieces.

Inventory:

Hand Weapons
 d - a +0 short sword
 h - a +0 spear
 x - a +0 vampiric falchion
 N - a +2 spear of flaming (weapon)
Missiles
 e - 52 stones (quivered)
 l - 2 atropa-tipped darts
 p - 5 poisoned darts
 D - a curare-tipped dart
 H - 3 javelins
Armour
 a - a +0 robe (worn)
 i - a +0 pair of gloves (worn)
 y - a scarf of invisibility
Jewellery
 v - a ring of resist corrosion (left hand)
 A - a ring of willpower (right hand)
 F - a ring of flight
Wands
 t - a wand of polymorph (11)
 u - a wand of digging (1)
 J - a wand of mindburst (7)
Scrolls
 c - 2 scrolls of magic mapping {unknown}
 g - 6 scrolls of identify {unknown}
 m - a scroll of teleportation {unknown}
 n - a scroll of noise {unknown}
 o - 3 scrolls of amnesia {unknown}
 q - a scroll of acquirement {unknown}
 r - a scroll of vulnerability {unknown}
 B - 2 scrolls of immolation {unknown}
 I - a scroll of enchant armour {unknown}
 L - a scroll of fear {unknown}
 M - a scroll of brand weapon {unknown}
Potions
 b - a potion of magic
 f - a potion of heal wounds {unknown}
 j - a potion of might {unknown}
 k - a potion of degeneration {unknown}
 s - a potion of flight {unknown}
 w - 4 potions of curing {unknown}
 z - 2 potions of resistance {unknown}
 C - a potion of haste {unknown}
 E - a potion of ambrosia {unknown}
 G - a potion of mutation {unknown}
 K - a potion of invisibility {unknown}


   Skills:
 + Level 1.8 Fighting
 + Level 3.0 Dodging
 - Level 2.0 Stealth
 + Level 5.6 Spellcasting
 * Level 7.0 Conjurations
 + Level 5.6 Air Magic


You had 10 spell levels left.
You knew the following spells:

 Your Spells              Type           Power      Damage    Failure   Level
a - Shock                 Conj/Air       100%       1d9       1%          1
b - Airstrike             Air            13%        2d(2-18)  11%         4
c - Swiftness             Air            26%        N/A       3%          3

Your spell library contained the following spells:

 Spells                   Type           Power      Damage    Failure   Level
 Static Discharge         Conj/Air       58%        2-5/arc   1%          2


Dungeon Overview and Level Annotations

Branches:
Dungeon (6/15)
 Temple: D:4-7

Altars:
Fedhas
Gozag
Kikubaaqudgha
Nemelex Xobeh
Sif Muna

Shops:
D:2 (

Annotations:
D:6 Edmund


Innate Abilities, Weirdness & Mutations

You have a tail ending in a sharp stinger.


Message History

Edmund is lightly wounded.
Edmund barely misses you.
You completely miss Edmund.
Edmund is lightly wounded.
Edmund closely misses you.
You hit Edmund. You burn Edmund.
Edmund is moderately wounded.
Edmund hits you with a +2 flail of draining!
You feel drained.
Casting: Airstrike (dangerous; 11% risk of failure)
Confirm with . or Enter, or press ? or * to list all spells.
Aiming: Airstrike (dangerous; 11% risk of failure)
Press: ? - help, Dir - move target, f/p - Edmund
Aim: Edmund, wielding a +2 flail of draining and wearing a +0 leather armour (moderately wounded, empty space bonus: 7/8)
The air twists around and strikes Edmund!
Edmund is moderately wounded.
Edmund hits you with a +2 flail of draining.
You feel drained.
Unknown command.
You closely miss Edmund.
Edmund is moderately wounded.
Edmund hits you with a +2 flail of draining!
You feel drained.
You closely miss Edmund. You tail-slap Edmund.
Edmund is heavily wounded.
Edmund closely misses you.
You hit Edmund but do no damage.
Edmund is heavily wounded.
Edmund closely misses you.
Edmund hits you with a +2 flail of draining.
You feel drained.
You hit Edmund. You burn Edmund.
Edmund is heavily wounded.
Edmund hits you with a +2 flail of draining!
* * * LOW HITPOINT WARNING * * *
You feel drained.
You barely miss Edmund.
Your tail-slap misses Edmund.
Edmund is heavily wounded.
Edmund hits you with a +2 flail of draining!
You die...

#################
.................
.................
.......##'######.
.......##..##.##+##
##.....##.........#
##.....##.........#
##.....#..........#
#......#......[.@.#
#......#........@.#
#......########...#
##.....# ##'##
##...... ... .#
....# .# #....# .#
##...# .# #...#


You could see Edmund.

Vanquished Creatures
  Grinder (D:6)
  Menkaure (D:4)
  A sky beast (D:6)
  A black bear (D:5)
  2 ogres (D:5)
  2 phantoms
  A bullfrog (D:6)
  A kobold brigand (D:4)
  A scorpion (D:5)
  2 hounds
  A jelly (D:6)
  A gnoll bouda (D:6)
  Ijyb (D:3)
  Natasha (thrice) (D:2)
  5 iguanas
  5 orc wizards
  8 gnolls
  7 adders
  A white imp (D:5)
  An ufetubus (D:6)
  A worm (D:2)
  3 dart slugs
  15 orcs
  5 bats
  12 endoplasms
  2 giant cockroaches
  6 goblins
  7 hobgoblins
  9 kobolds
  3 quokkas
  3 ball pythons
  2 frilled lizards
  2 rats
116 creatures vanquished.

Vanquished Creatures (others)
  2 plants (D:3)
2 creatures vanquished.

Grand Total: 118 creatures vanquished

Notes
Turn   | Place    | Note
-------+----------+-------------------------------------------
     0 | D:1      | rogsnak the Demonspawn Air Elementalist began the quest for
                  | the Orb.
     0 | D:1      | Reached XP level 1. HP: 13/13 MP: 3/3
   496 | D:1      | Gained mutation: You have a small tail. [demonic ancestry]
   496 | D:1      | Reached XP level 2. HP: 19/19 MP: 1/5
  1215 | D:2      | Reached skill level 2 in Conjurations
  1215 | D:2      | Reached XP level 3. HP: 23/24 MP: 0/6
  1716 | D:2      | Noticed Natasha
  1722 | D:2      | Killed Natasha
  1723 | D:2      | Reached XP level 4. HP: 30/30 MP: 1/7
  2022 | D:2      | Found a faded altar of an unknown god.
  2077 | D:2      | Noticed Natasha
  2085 | D:2      | Killed Natasha
  2194 | D:2      | Found Saemuth's Weapon Shop.
  2440 | D:2      | Noticed Natasha
  2448 | D:2      | Killed Natasha
  2449 | D:2      | Reached skill level 3 in Conjurations
  2449 | D:2      | Reached XP level 5. HP: 35/35 MP: 2/9
  2630 | D:3      | Noticed Ijyb
  2696 | D:3      | Killed Ijyb
  3065 | D:3      | Found a sparkling altar of Nemelex Xobeh.
  3067 | D:3      | Found an ancient bone altar of Kikubaaqudgha.
  3515 | D:4      | Noticed Menkaure
  3526 | D:4      | Killed Menkaure
  3527 | D:4      | Reached skill level 4 in Conjurations
  3527 | D:4      | Reached XP level 6. HP: 8/42 MP: 4/11
  4224 | D:4      | Reached skill level 1 in Fighting
  4224 | D:4      | Gained mutation: You have a tail ending in a sharp stinger.
                  | [demonic ancestry]
  4224 | D:4      | Reached XP level 7. HP: 36/48 MP: 4/13
  4648 | D:5      | Entered Level 5 of the Dungeon
  4735 | D:5      | Reached skill level 5 in Conjurations
  4834 | D:5      | Found a blossoming altar of Fedhas.
  5216 | D:5      | Found a shimmering blue altar of Sif Muna.
  5223 | D:5      | Became a worshipper of Sif Muna the Loreminder
  5247 | D:5      | Found an opulent altar of Gozag.
  5411 | D:5      | Reached skill level 5 in Air Magic
  5418 | D:5      | Learned a level 4 spell: Airstrike
  5422 | D:5      | Learned a level 3 spell: Swiftness
  5555 | D:5      | Reached XP level 8. HP: 54/54 MP: 9/15
  5759 | D:6      | Reached skill level 5 in Spellcasting
  6011 | D:6      | Reached skill level 6 in Conjurations
  6276 | D:6      | Noticed Grinder
  6292 | D:6      | Killed Grinder
  6891 | D:6      | Reached skill level 7 in Conjurations
  6962 | D:6      | Noticed Edmund
  6977 | D:6      | Slain by Edmund

Illustrated notes

Levels and vault maps discovered:
D:1:      wander_arrival_desolate, layout_loops_corners
D:2:      layout_basic, shapermc_ecumenical_altar_pompeii, serial_shops,
          nicolae_shop_advertising_works [nicolae_subvault_shop_adworks],
          uniq_natasha
D:3:      corexii_shack_village, layout_loops_cross,
          nicolae_overflow_hidden_temple, uniq_ijyb
D:4:      layout_loops_ring, st_stairs_10, uniq_menkaure
D:5:      layout_gridville, mainiacjoe_overflow_small_starburst,
          nicolae_overflow_crystal_walls, grunt_gozag_breadcrumbs,
          serial_park_tiny_2, eino_small_chamber_without_monster
D:6:      layout_gridville, hangedman_abyss_or_decor_slice, uniq_grinder,
          uniq_edmund

Skill      XL: |  1  2  3  4  5  6  7  8 |
---------------+-------------------------+-----
Air Magic      | 3 4 5 |  5.6
Conjurations   | 2 3 4 5 7 |  7.0
Spellcasting   | 3 4 5 |  5.6
Stealth        | 2 |  2.0
Dodging        | 2 3 |  3.0
Fighting       | 1 |  1.8

Action                   |  1- 3 |  4- 6 |  7- 9 || total
-------------------------+-------+-------+-------++-------
Melee: Unarmed           |     5 |       |       ||     5
       Spear             |    30 |     9 |     9 ||    48
       Tailslap          |       |     6 |     2 ||     8
       Falchion          |       |    18 |    14 ||    32
Throw: Stone             |     1 |       |       ||     1
 Cast: Shock             |    66 |   120 |   139 ||   325
       Airstrike         |       |       |     6 ||     6
 Stab: Sleeping          |       |     2 |       ||     2
Armor: Robe              |    10 |    13 |     7 ||    30
Dodge: Dodged            |    33 |    39 |    38 ||   110

Table legend: (Time is in decaauts)
 A = Elapsed time spent in this place.
 B = Non-inter-level travel time spent in this place.
 C = Inter-level travel time spent in this place.
 D = Time resting spent in this place.
 E = Time spent auto-exploring this place.
 F = Levels seen in this place.
 G = Mean time per level.
                   A        B        C        D        E       F      G
               +--------+--------+--------+--------+--------+-----+--------+
         Total |   6989 |   6902 |     87 |   1335 |   4084 |   6 | 1164.8 |
       Dungeon |   6989 |   6902 |     87 |   1335 |   4084 |   6 | 1164.8 |
               +--------+--------+--------+--------+--------+-----+--------+

Top non-repeatable levels by time:
     D:2: 1320 daAuts
     D:5: 1195 daAuts
     D:1: 1165 daAuts
     D:4: 1148 daAuts
     D:6: 1138 daAuts
     D:3: 1021 daAuts
